 Dungeon Crawl Stone Soup version 0.26-a0-278-g3b0d5afba5 (webtiles) character file.

Game seed: 17077287383505034908

71782 Clehvi the Fighter (level 15, -9/126 HPs)
             Began as a Formicid Ice Elementalist on July 2, 2020.
             Was the Champion of Vehumet.
             Killed from afar by a smoke demon (16 damage)
             ... with a ball of steam
             ... summoned by an orc high priest
             ... on level 1 of the Orcish Mines on July 12, 2020.
             The game lasted 03:25:41 (33464 turns).

Clehvi the Fighter (Formicid Ice Elementalist)     Turns: 33464, Time: 03:25:42

Health: -9/126     AC: 10    Str: 14    XL:     15   Next: 83%
Magic:  8/31       EV: 12    Int: 20    God:    Vehumet [******]
Gold:   2020       SH: 10    Dex: 11    Spells: 16/38 levels left

rFire    . . .     SeeInvis +   a - +6 trident
rCold    + . .     Faith    .   g - +0 kite shield
rNeg     . . .     Spirit   .   P - +2 robe {MR+}
rPois    +         Reflect  .   (helmet unavailable)
rElec    .         Harm     .   p - +1 cloak of the Grue {rPois}
rCorr    .                      h - +0 pair of gloves
MR       ++...                  O - +2 pair of boots
Stlth    +++.......             m - amulet of the acrobat
HPRegen  0.31/turn              H - ring of poison resistance
MPRegen  0.22/turn              o - ring of protection from cold

@: frozen ramparts
A: permanent stasis, dig shafts and tunnels, four strong arms, antennae 3
a: Dig, Shaft Self, Renounce Religion


You were on level 1 of the Orcish Mines.
You worshipped Vehumet.
Vehumet was exalted by your worship.
You visited 4 branches of the dungeon, and saw 20 of its levels.

You collected 2020 gold pieces.

Inventory:

Hand Weapons
 a - a +6 trident (weapon)
   (You took it off a gnoll sergeant on level 9 of the Dungeon)
 E - a +4 scimitar of flaming
   (You took it off Erica on level 2 of the Lair of Beasts)
 F - the cursed +0 whip "Ippomp" {vorpal, MR+}
   (You found it on level 10 of the Dungeon)

   It inflicts extra damage upon your enemies.
   It affects your resistance to hostile enchantments.
   It has a curse placed upon it.
 T - a +0 arbalest of freezing
   (You found it on level 9 of the Dungeon)
Missiles
 i - 429 stones (quivered)
 j - 8 atropa-tipped darts
 s - 71 poisoned darts
 y - 7 silver boomerangs
 A - 8 javelins
 W - 23 bolts
Armour
 g - a +0 kite shield (worn)
   (You found it on level 9 of the Dungeon)
 h - a +0 pair of gloves (worn)
   (You found it on level 6 of the Dungeon)
 p - the +1 cloak of the Grue (worn) {rPois}
   (You found it on level 5 of the Lair of Beasts)

   It protects you from poison.
 O - a +2 pair of boots (worn)
   (You found it on level 4 of the Lair of Beasts)
 P - a +2 robe of magic resistance (worn)
   (You took it off Psyche on level 9 of the Dungeon)
Magical Staves
 b - an uncursed staff of cold
   (You found it on level 9 of the Dungeon)
 U - an uncursed staff of wizardry {!a}
   (You found it on level 9 of the Dungeon)
Jewellery
 m - an amulet of the acrobat (around neck)
   (You found it on level 6 of the Dungeon)
 o - a ring of protection from cold (right hand)
   (You found it on level 1 of the Dungeon)
 q - an uncursed ring of flight
   (You found it on level 2 of the Dungeon)
 B - an uncursed amulet of faith {unknown}
   (You found it on level 10 of the Dungeon)
 C - an uncursed amulet of magic regeneration
   (You found it on level 7 of the Dungeon)
 G - an uncursed ring of positive energy
   (You found it on level 8 of the Dungeon)
 H - a ring of poison resistance (left hand)
   (You found it on level 8 of the Dungeon)
Wands
 c - a wand of disintegration (21)
   (You found it on level 6 of the Lair of Beasts)
 d - a wand of iceblast (23)
   (You took it off Ijyb on level 5 of the Dungeon)
 u - a wand of paralysis (6)
   (You found it on level 6 of the Lair of Beasts)
 v - a wand of digging (10)
   (You found it on level 1 of the Lair of Beasts)
 x - a wand of polymorph (4)
   (You found it on level 6 of the Lair of Beasts)
 M - a wand of clouds (12)
   (You found it on level 9 of the Dungeon)
Scrolls
 k - 3 scrolls of remove curse {@r2}
 l - a scroll of fear
 n - 5 scrolls of amnesia
 t - a scroll of identify {@r1}
 w - 5 scrolls of fog
 I - 2 scrolls of enchant armour
 J - 2 scrolls of holy word
 K - 2 scrolls of silence {unknown}
 N - 3 scrolls of enchant weapon
 X - a scroll of vulnerability {unknown}
Potions
 f - a potion of haste {@q3}
 r - 10 potions of curing {@q1}
 z - 2 potions of might
 D - a potion of flight
 L - 4 potions of mutation {!q}
 Q - a potion of ambrosia {unknown}
 S - 3 potions of lignification {!q}
Miscellaneous
 R - a phantom mirror
 V - a phial of floods
   (You found it on level 9 of the Dungeon)
 Y - a box of beasts
 Z - a tin of tremorstones (3/3)
   (You found it on level 1 of the Lair of Beasts)
Comestibles
 e - 20 removed foods {!d}


   Skills:
 + Level 14.2 Fighting
 - Level 7.2 Polearms
 - Level 3.0 Armour
 - Level 1.7 Dodging
 - Level 6.0 Stealth
 - Level 9.0 Shields
 + Level 12.2 Spellcasting
 - Level 6.0 Conjurations
 - Level 3.0 Charms
 - Level 8.0 Summonings
 + Level 10.2 Ice Magic
 + Level 6.0 Air Magic
 - Level 5.0 Evocations


You had 16 spell levels left.
You knew the following spells:

 Your Spells              Type           Power        Failure   Level
a - Freeze                Ice            ####         1%          1
b - Frozen Ramparts       Ice            ######       1%          3
c - Hailstorm             Conj/Ice       #####...     1%          4
d - Summon Ice Beast      Ice/Summ       #####...     1%          4
e - Foxfire               Conj/Fire      ###.         1%          1
f - Ozocubu's Armour      Chrm/Ice       #####...     1%          3
g - Freezing Cloud        Conj/Ice/Air   #####.....   11%         6

Your spell library contained the following spells:

 Spells                   Type           Power        Failure   Level
 Iskenderun's Battlesphe  Conj/Chrm      ####....     7%          5
 Infusion                 Chrm           ###.         1%          1
 Shock                    Conj/Air       ####         1%          1
 Static Discharge         Conj/Air       #####...     1%          3
 Airstrike                Air            #####.....   1%          4
 Song of Slaying          Chrm           ###.....     2%          2
 Lightning Bolt           Conj/Air       #####.....   3%          5
 Shroud of Golubria       Chrm/Tloc      ###...       4%          2
 Ignite Poison            Fire/Tmut/Pois ##......     4%          3
 Spectral Weapon          Hex/Chrm       ###.....     9%          3
 Fireball                 Conj/Fire      ###.......   12%         5
 Starburst                Conj/Fire      ###.......   50%         6
 Ring of Flames           Chrm/Fire      ###.......   100%        7
 Ignition                 Fire           ##........   100%        8
 Swiftness                Chrm/Air       Unusable     N/A         2

Dungeon Overview and Level Annotations

Branches:
Dungeon (11/15)            Temple (1/1) D:4            Lair (6/6) D:9
  Swamp (0/4) Lair:4        Snake (0/4) Lair:2        Slime (0/5) Lair:6
    Orc (2/2) D:10            Elf (0/3) Orc:2

Altars:
Ashenzari
Cheibriados
Dithmenos
Elyvilon
Fedhas
Gozag
Hepliaklqana
Kikubaaqudgha
Makhleb
Nemelex Xobeh
Okawaru
Qazlal
Ru
Sif Muna
Trog
Uskayaw
Vehumet
Wu Jian
Xom
Yredelemnul
Zin
The Shining One

Shops:
D:5 (   D:6 x   D:7 [   Orc:1 [

Portals:
Hell: Lair:6

Annotations:
D:5 exclusion: downstairs
D:6 3 runed translucent doors, Bapho's ghost, novice MfMo
D:8 exclusion: downstairs
Lair:4 3 runed translucent doors, exclusion: 3 doors, Jocoan's ghost, journeyman VSTm


Innate Abilities, Weirdness & Mutations

You cannot be hasted, slowed, berserked, paralysed or teleported.
You can dig through walls and to a lower floor.
Your four strong arms can wield two-handed weapons with a shield.
You have a pair of large antennae on your head. (SInv)


Message History

Unknown command.
Aim: an orc high priest, wielding a +0 broad axe of electrocution (chance to defeat MR: 26%)
Okay, then.
Unknown command.
A chill wind blows around you.
The orc high priest mumbles some strange prayers to Beogh.
A chill wind blows around you.
The orc high priest hits you but does no damage.
You swap places.
You block the sixfirhy's attack. The sixfirhy completely misses you.
The smoke demon hits your ice beast.
The smoke demon closely misses your ice beast.
The smoke demon hits your ice beast.
The walls around you are covered in ice.
The wall freezes the sixfirhy.
You block the sixfirhy's attack.
The wall freezes the sixfirhy.
The sixfirhy hits you.
* * * LOW HITPOINT WARNING * * *
The sixfirhy shocks you!
* * * LOW HITPOINT WARNING * * *
The wall freezes the sixfirhy.
The sixfirhy closely misses you.
Your ice beast hits the orc high priest but does no damage.
The orc high priest utters an invocation to Beogh.
Send 'em back where they came from!
Your ice beast disappears in a puff of smoke!
Your ice beast shudders.
The wall freezes the sixfirhy.
You block the sixfirhy's attack. The smoke demon gestures at you.
The ball of steam hits you!!
* * * LOW HITPOINT WARNING * * *
You feel better.
You are engulfed in a cloud of scalding steam.
* * * LOW HITPOINT WARNING * * *
The wall freezes the sixfirhy.
You block the sixfirhy's attack.
The wall freezes the sixfirhy. x3
Your ice beast barely misses the smoke demon.
The wall freezes the sixfirhy.
The wall freezes the sixfirhy but do no damage.
Are you sure you want to shaft yourself?
You are engulfed in a cloud of scalding steam.
The wall freezes the sixfirhy. x2
The wall freezes the sixfirhy but do no damage. x2
The wall freezes the sixfirhy.
The wall freezes the orc high priest!
The orc high priest hits you with a +0 broad axe of electrocution.
* * * LOW HITPOINT WARNING * * *
The orc high priest hits your ice beast with a +0 broad axe of electrocution.
Lightning courses through your ice beast!
Your ice beast closely misses the smoke demon.
The wall freezes the sixfirhy.
The smoke demon gestures at you. The ball of steam hits you!
You die...

##.####.#.#...#.######.###
#...##...........##......##
####..##....#...............#
##.#....##.##...[.......###.##
#......#.#.##..[#.......# ###
#..............[........##
##..............Y.........#
#...#.........3o3.........##
##.##........[#@§..........#####
###.........[[§.............#.#
##.#...)....§................
##.....#..§.§[..#......#.#..
##....)[....§...#.......###.
##.........§...[.[..#.....##.
#####[.[...............##....##..
.##.##................#.#.).####.
.....[...............).....## ##


You could see an orc high priest, a sixfirhy (summoned), a smoke demon
(summoned) and a friendly ice beast (summoned).

Vanquished Creatures
  13 hydras
  A centaur warrior (D:9)
  Erica (Lair:2)
  2 two-headed ogres
  2 orc high priests
  6 death yaks
  A sixfirhy (Lair:6)
  An orc knight (Orc:2)
  2 wizards
  A lindwurm (Lair:6)
  A manticore (D:8)
  3 orc sorcerers (Orc:2)
  A guardian serpent (Lair:2)
  2 elephants (Lair:4)
  4 black mambas
  A torpor snail (Lair:5)
  Psyche (D:9)
  13 cane toads
  8 rime drakes
  4 ice devils (Lair:6)
  A hellwing (Lair:6)
  11 komodo dragons
  2 red devils (Lair:6)
  5 trolls
  A tyrant leech (Lair:4)
  Grinder (D:5)
  17 hippogriffs
  8 blink frogs
  16 dream sheep
  3 slime creatures (Lair:6)
  Sigmund (D:6)
  3 basilisks
  13 wyverns
  2 removed hungry ghosts
  20 yaks
  Menkaure (D:5)
  A swamp worm (Lair:4)
  4 hell hounds
  Edmund (D:6)
  10 water moccasins
  9 porcupines
  28 orc warriors
  2 sky beasts
  A black bear (D:9)
  5 ice beasts
  9 ogres
  2 phantoms
  22 wolves
  8 centaurs
  13 crocodiles
  A big kobold (D:9)
  14 bullfrogs
  A gnoll sergeant (D:9)
  A scorpion (D:9)
  4 killer bees (D:10)
  8 howler monkeys
  2 centaur zombies
  A quasit (D:11)
  A hound (D:5)
  15 orc priests
  A centaur skeleton (D:9)
  A gnoll shaman (D:6)
  2 jellies
  A bullfrog skeleton (D:4)
  Ijyb (D:5)
  Terence (D:2)
  2 iguanas
  Natasha (D:2)
  24 orc wizards
  4 hell rats (Lair:3)
  4 worker ants
  A worker ant zombie (D:9)
  2 howler monkey zombies
  5 river rats (Lair:3)
  12 adders
  11 gnolls
  A shadow imp (D:10)
  4 nameless horrors
  2 white imps
  7 oozes
  2 ufetubi
  An adder skeleton (D:7)
  A worm (D:4)
  4 dart slugs
  3 leopard geckos
  85 orcs
  5 bats
  6 giant cockroaches
  6 goblins
  9 hobgoblins
  5 jackals
  11 kobolds
  8 quokkas
  A ball python (D:4)
  6 frilled lizards
  A leopard gecko zombie (D:4)
  A quokka zombie (D:9)
  8 rats
  A plant (Lair:3)
587 creatures vanquished.

Vanquished Creatures (collateral kills)
  An orc warlord (Orc:2)
  3 hydras
  A two-headed ogre (D:9)
  3 death yaks
  An orc high priest (Orc:2)
  2 orc knights (Orc:1)
  A deep elf mage (D:7)
  An orc sorcerer (Orc:2)
  A black mamba (Lair:6)
  An elephant (Lair:4)
  3 cane toads
  3 rime drakes
  2 trolls
  2 komodo dragons
  A hornet (D:9)
  2 blink frogs
  7 dream sheep
  4 hippogriffs
  A wraith (D:9)
  9 yaks
  A vampire (D:11)
  2 wyverns (D:10)
  A steam dragon (D:10)
  2 removed hungry ghosts (D:9)
  A warg (D:10)
  A water moccasin (Lair:6)
  2 porcupines (Lair:1)
  3 orc warriors
  An ice beast (D:9)
  2 ogres
  A necrophage (D:8)
  9 wolves
  5 crocodiles
  A centaur (D:9)
  3 bullfrogs (Lair:3)
  A killer bee (D:10)
  5 orc priests
  3 jellies (D:10)
  9 orc wizards
  3 gnolls
  20 orcs
  A goblin (D:10)
  2 fungi
128 creatures vanquished.

Vanquished Creatures (others)
  Urug (Orc:1)
  An orc priest (Orc:2)
  231 foxfires
  17 fungi
  9 plants
259 creatures vanquished.

Grand Total: 974 creatures vanquished

Notes
Turn   | Place    | Note
-------+----------+-------------------------------------------
     0 | D:1      | Clehvi the Formicid Ice Elementalist began the quest for
                  | the Orb.
     0 | D:1      | Reached XP level 1. HP: 13/13 MP: 3/3
   245 | D:1      | Reached XP level 2. HP: 12/20 MP: 0/5
   599 | D:1      | Reached skill level 1 in Fighting
   669 | D:1      | Reached XP level 3. HP: 22/26 MP: 6/6
   674 | D:1      | Learned a level 3 spell: Frozen Ramparts
  1302 | D:2      | Found an ornate altar of the Wu Jian Council.
  1316 | D:2      | Found a white marble altar of Elyvilon.
  1383 | D:2      | Reached XP level 4. HP: 30/32 MP: 3/7
  1871 | D:2      | Reached skill level 5 in Ice Magic
  1957 | D:2      | Noticed Terence
  1970 | D:2      | Killed Terence
  1970 | D:2      | Reached XP level 5. HP: 37/37 MP: 2/8
  2183 | D:2      | Noticed Natasha
  2218 | D:2      | Killed Natasha
  2450 | D:2      | Upgraded the game from 0.26-a0-154-g3d63440f56 to
                  | 0.26-a0-200-g62faa89a7e
  2923 | D:3      | Reached XP level 6. HP: 44/44 MP: 4/10
  3121 | D:3      | Found a blossoming altar of Fedhas.
  3333 | D:3      | Reached skill level 2 in Fighting
  3582 | D:4      | Learned a level 4 spell: Hailstorm
  4339 | D:4      | Found a staircase to the Ecumenical Temple.
  4742 | Temple   | Entered the Ecumenical Temple
  4857 | Temple   | Upgraded the game from 0.26-a0-200-g62faa89a7e to
                  | 0.26-a0-215-g1b87330c0f
  4874 | Temple   | Became a worshipper of Vehumet
  4937 | D:5      | Entered Level 5 of the Dungeon
  4943 | D:5      | Noticed Grinder
  4978 | D:5      | Found a shimmering blue altar of Sif Muna.
  5027 | D:5      | Noticed an ice beast
  5035 | D:5      | Noticed a phantom
  5508 | D:5      | Reached skill level 1 in Conjurations
  5517 | D:4      | Reached XP level 7. HP: 32/51 MP: 4/12
  5882 | D:5      | Noticed Ijyb
  5896 | D:5      | Killed Ijyb
  5896 | D:5      | Reached skill level 3 in Fighting
  6006 | D:5      | Found Umuunko's Antique Weapon Boutique.
  6092 | D:5      | Found an iron altar of Okawaru.
  6121 | D:5      | Reached skill level 5 in Stealth
  6217 | D:5      | Noticed Menkaure
  6739 | D:5      | Killed Menkaure
  6739 | D:5      | Reached XP level 8. HP: 60/60 MP: 14/14
  6813 | D:5      | Killed Grinder
  6813 | D:5      | Reached skill level 4 in Fighting
  6944 | D:6      | Noticed Edmund
  6957 | D:6      | Killed Edmund
  6963 | D:6      | Learned a level 4 spell: Summon Ice Beast
  7070 | D:6      | Noticed Bapho's ghost (novice MfMo)
  7101 | D:6      | Noticed Sigmund
  7241 | D:5      | Reached skill level 1 in Summonings
  7268 | D:5      | Reached skill level 5 in Spellcasting
  7502 | D:6      | Found Migothralo's Food Boutique.
  7678 | D:6      | Reached skill level 5 in Fighting
  7678 | D:6      | Reached XP level 9. HP: 68/68 MP: 10/16
  7825 | D:6      | Found a runed translucent gate.
  7825 | D:6      | Found a runed translucent gate.
  7825 | D:6      | Found a runed translucent gate.
  8349 | D:6      | Killed Sigmund
  8486 | D:6      | Found a basalt altar of Yredelemnul.
  8521 | D:7      | Noticed a hippogriff
  8541 | D:7      | Killed a hippogriff
  8541 | D:7      | Reached skill level 5 in Conjurations
  8602 | D:7      | Reached skill level 6 in Fighting
  9297 | D:7      | Noticed a hippogriff
  9314 | D:7      | Killed a hippogriff
  9416 | D:7      | Noticed a deep elf mage
  9439 | D:7      | Found Bisuoteq's Armour Shop.
  9955 | D:8      | Reached XP level 10. HP: 55/77 MP: 15/19
 10070 | D:8      | Noticed a manticore
 10137 | D:8      | Reached * piety under Vehumet
 10137 | D:8      | Offered knowledge of Magic Dart by Vehumet.
 10255 | D:8      | Reached skill level 7 in Fighting
 10466 | D:8      | Killed a manticore
 10975 | D:8      | Reached skill level 5 in Summonings
 11214 | D:7      | Killed a deep elf mage
 11365 | D:8      | Reached ** piety under Vehumet
 11365 | D:8      | Offered knowledge of Foxfire by Vehumet.
 11369 | D:8      | Learned a level 1 spell: Foxfire
 11373 | D:8      | Learned a level 3 spell: Ozocubu's Armour
 11478 | D:9      | Noticed a seven-headed hydra
 11687 | D:9      | Reached skill level 1 in Shields
 11757 | D:9      | Reached skill level 1 in Charms
 11865 | D:9      | Killed a seven-headed hydra
 11865 | D:9      | Reached skill level 8 in Fighting
 11865 | D:9      | Reached XP level 11. HP: 71/86 MP: 7/21
 11976 | D:9      | Noticed a death yak
 11978 | D:9      | Noticed a death yak
 11983 | D:9      | Noticed a death yak
 11989 | D:9      | Noticed a death yak
 12003 | D:9      | Noticed a death yak
 12158 | D:9      | Noticed Psyche
 12167 | D:9      | Killed Psyche
 12556 | D:9      | Found a staircase to the Lair.
 13031 | D:9      | Got a fine plate armour
 13176 | D:9      | Offered knowledge of Searing Ray by Vehumet.
 13295 | D:9      | Found a blossoming altar of Fedhas.
 13323 | D:9      | Reached skill level 1 in Polearms
 13335 | D:9      | Noticed a two-headed ogre
 13344 | D:9      | Killed a two-headed ogre
 13344 | D:9      | Reached *** piety under Vehumet
 13668 | D:9      | Noticed a centaur warrior
 13668 | D:9      | Noticed a two-headed ogre
 13668 | D:9      | Noticed a seven-headed hydra
 13668 | D:9      | Noticed a wizard
 13683 | D:9      | Killed a two-headed ogre
 13685 | D:9      | Killed a wizard
 13749 | D:9      | Killed a seven-headed hydra
 13749 | D:9      | Reached skill level 5 in Shields
 13822 | D:9      | Killed a centaur warrior
 13822 | D:9      | Reached skill level 9 in Fighting
 14656 | D:9      | Killed a death yak
 14982 | D:9      | Killed a death yak
 14982 | D:9      | Reached XP level 12. HP: 95/95 MP: 14/24
 14993 | D:9      | Killed a death yak
 15003 | D:9      | Killed a death yak
 15008 | D:9      | Killed a death yak
 15207 | D:9      | Upgraded the game from 0.26-a0-215-g1b87330c0f to
                  | 0.26-a0-227-g1af32d979d
 15213 | D:10     | Entered Level 10 of the Dungeon
 15667 | D:10     | Offered knowledge of Conjure Flame by Vehumet.
 15960 | D:10     | Got a steaming whip
 16235 | D:10     | Found a staircase to the Orcish Mines.
 16688 | D:11     | Reached **** piety under Vehumet
 17822 | D:9      | Upgraded the game from 0.26-a0-227-g1af32d979d to
                  | 0.26-a0-244-g083ca260ac
 17824 | Lair:1   | Entered Level 1 of the Lair of Beasts
 17873 | Lair:1   | Offered knowledge of Iskenderun's Mystic Blast by Vehumet.
 18046 | Lair:1   | Reached skill level 10 in Fighting
 18078 | Lair:1   | You fall into a shaft and drop 1 floor!
 18268 | Lair:1   | Noticed a seven-headed hydra
 18280 | Lair:1   | Killed a seven-headed hydra
 18280 | Lair:1   | Reached XP level 13. HP: 103/103 MP: 12/26
 18280 | Lair:1   | Reached skill level 5 in Polearms
 19593 | Lair:2   | Noticed a seven-headed hydra
 19810 | Lair:2   | Noticed an eight-headed hydra
 19818 | Lair:2   | Killed an eight-headed hydra
 20147 | Lair:2   | Reached ***** piety under Vehumet
 20149 | Lair:2   | Offered knowledge of Bolt of Magma by Vehumet.
 20279 | Lair:2   | Reached skill level 11 in Fighting
 20360 | Lair:2   | Reached skill level 10 in Spellcasting
 20445 | Lair:2   | Killed a seven-headed hydra
 20517 | Lair:2   | Found a staircase to the Snake Pit.
 21117 | Lair:2   | Noticed Erica
 21124 | Lair:2   | Killed Erica
 21268 | Lair:2   | You fall into a shaft and drop 1 floor!
 21274 | Lair:3   | You fall into a shaft and drop 2 floors!
 21504 | Lair:4   | Got a crude ring mail
 22670 | Lair:3   | Noticed a seven-headed hydra
 22686 | Lair:3   | Killed a seven-headed hydra
 22739 | Lair:3   | Reached XP level 14. HP: 35/114 MP: 28/28
 23061 | Lair:3   | Reached skill level 12 in Fighting
 23598 | Lair:4   | Reached skill level 1 in Evocations
 23894 | Lair:4   | Identified the cursed +1 ring mail of Wuockuff {MR+} (You
                  | found it on level 4 of the Lair of Beasts)
 23910 | Lair:4   | Identified the cursed +0 whip "Ippomp" {vorpal, MR+} (You
                  | found it on level 10 of the Dungeon)
 23941 | Lair:4   | Found a runed translucent gate.
 24353 | Lair:4   | Found a runed translucent gate.
 24354 | Lair:4   | Found a runed translucent gate.
 24356 | Lair:4   | Noticed Jocoan's ghost (journeyman VSTm)
 24478 | Lair:4   | Found a snail-covered altar of Cheibriados.
 25037 | Lair:4   | Found a staircase to the Swamp.
 25232 | Lair:4   | Upgraded the game from 0.26-a0-244-g083ca260ac to
                  | 0.26-a0-278-g3b0d5afba5
 25252 | Lair:4   | Reached skill level 5 in Evocations
 25641 | Lair:4   | Reached skill level 1 in Armour
 26211 | Lair:5   | Offered knowledge of Freezing Cloud by Vehumet.
 26345 | Lair:5   | Learned a level 6 spell: Freezing Cloud
 26473 | Lair:5   | Reached skill level 1 in Air Magic
 27511 | Lair:5   | Identified the +1 cloak of the Grue {rPois} (You found it
                  | on level 5 of the Lair of Beasts)
 27557 | Lair:5   | Reached skill level 13 in Fighting
 27701 | Lair:5   | Reached XP level 15. HP: 123/123 MP: 15/30
 27849 | Lair:6   | Entered Level 6 of the Lair of Beasts
 28389 | Lair:6   | Found a burning altar of Makhleb.
 28504 | Lair:6   | Found a gateway to Hell.
 28916 | Lair:6   | Reached skill level 5 in Air Magic
 28927 | Lair:6   | Reached ****** piety under Vehumet
 28937 | Lair:6   | Offered knowledge of Conjure Ball Lightning by Vehumet.
 29649 | Lair:6   | Found a staircase to the Slime Pits.
 30239 | Orc:1    | Entered Level 1 of the Orcish Mines
 30239 | Orc:1    | Found Meunobbi's Armour Emporium.
 30668 | Orc:1    | Noticed Urug
 30815 | Orc:1    | Killed Urug
 31105 | Orc:2    | Entered Level 2 of the Orcish Mines
 31105 | Orc:2    | Found a staircase to the Elven Halls.
 31612 | Orc:1    | Offered knowledge of Irradiate by Vehumet.
 31867 | Orc:2    | Reached skill level 14 in Fighting
 31995 | Orc:2    | Reached skill level 10 in Ice Magic
 32136 | Orc:2    | Noticed an orc warlord
 32147 | Orc:2    | Killed an orc warlord
 33211 | Orc:2    | Offered knowledge of Iskenderun's Battlesphere by Vehumet.
 33464 | Orc:1    | Killed from afar by a smoke demon

Illustrated notes

Levels and vault maps discovered:
D:1:      doesnt_arrival_eight_statues, layout_rooms
D:2:      layout_basic, minitemple, uniq_natasha, uniq_terence
D:3:      layout_loops_ring, fedhas_altar_3, first_ration, minmay_circle_x
D:4:      layout_basic, temple_doors_cd
D:5:      layout_rooms, okawaru_metal_pillars_3, lemuel_blue_sif_altar,
          serial_shops, kennysheep_mini, uniq_grinder, uniq_menkaure, uniq_ijyb
D:6:      layout_gridville, yredelemnul_altar_generic, serial_shops, shop,
          gammafunk_ghost_icy, uniq_sigmund, uniq_edmund
D:7:      layout_loops_corners, serial_shops, shop, guppyfry_early_elven_hall
D:8:      layout_basic
D:9:      minmay_the_grid_triangle_9x9_rhombus_full
          [minmay_the_grid_triangle_9x9_limited_checkers,
          minmay_the_grid_triangle_9x9_shrine,
          minmay_the_grid_triangle_9x9_alien,
          minmay_the_grid_triangle_9x9_skeleton,
          minmay_the_grid_triangle_9x9_zippers_horizontal,
          minmay_the_grid_triangle_9x9_checkered,
          minmay_the_grid_triangle_9x9_thin_v,
          minmay_the_grid_triangle_9x9_prize_top_heavy], layout_loops_ring,
          dpeg_lair_monsters, uniq_psyche
D:10:     layout_loops_corners, erik_orc_4, hangedman_little_slice_of_home
D:11:     layout_roguey
Temple:   nicolae_temple_elliptical
Lair:1:   layout_cave_pods, st_stairs_11, minmay_shattered_shrine
Lair:2:   layout_layer_cave, minmay_snake_entry_spellcaster,
          beast_lair_carwin_5, uniq_erica
Lair:3:   layout_gridlike, grunt_forest_stairs_basic, kennysheep_abandoned_house
Lair:4:   layout_small_grid, minmay_swamp_entry_worms, basic_altar,
          ebering_ghost_rock_garden, special_room [special_room_mythical_zoo],
          beast_lair_carwin_9
Lair:5:   layout_regular_city
Lair:6:   evil_forest, layout_gridlike, minmay_slime_entry_pillars,
          gauntlet_entry_generic, chequers_serial_rivers_small_a
Orc:1:    layout_caves, serial_shops, shop, minmay_shop_mayhem,
          guppyfry_library_mini, uniq_urug
Orc:2:    st_orc_congregation, layout_caves, basic_altar, nicolae_orc_rockfall,
          uniq_snorg

Skill      XL: |  1  2  3  4  5  6  7  8  9 10 11 12 13 14 15 |
---------------+----------------------------------------------+-----
Fighting       | 1 2 3 5 6 8 9 10 11 13 14 | 14.2
Stealth        | 3 4 5 6 |  6.0
Ice Magic      | 5 6 7 8 9 10 | 10.2
Spellcasting   | 3 4 5 6 7 8 9 10 11 12 | 12.2
Conjurations   | 1 2 4 5 6 |  6.0
Summonings     | 1 4 6 7 8 |  8.0
Shields        | 3 5 8 9 |  9.0
Charms         | 1 3 |  3.0
Polearms       | 3 4 7 |  7.2
Evocations     | 5 |  5.0
Armour         | 2 3 |  3.0
Air Magic      | 3 6 |  6.0
Dodging        | |  1.7

Action                   |  1- 3 |  4- 6 |  7- 9 | 10-12 | 13-15 || total
-------------------------+-------+-------+-------+-------+-------++-------
Melee: Club              |    13 |     7 |       |       |       ||    20
       Dagger            |       |       |    36 |    49 |       ||    85
       Halberd           |       |       |     8 |    21 |       ||    29
       Glaive            |       |       |       |     5 |       ||     5
       Trident           |       |       |       |   177 |   650 ||   827
       Staff             |       |       |       |       |     9 ||     9
 Fire: Hunting sling     |       |   145 |   183 |   105 |       ||   433
       Arbalest          |       |       |       |     6 |       ||     6
Throw: Stone             |    46 |    18 |       |     7 |    25 ||    96
       Dart              |     4 |     1 |    19 |    10 |       ||    34
       Javelin           |       |       |     2 |     1 |       ||     3
       Boomerang         |       |       |     2 |       |       ||     2
 Cast: Freeze            |    31 |    62 |    53 |    26 |    12 ||   184
       Frozen Ramparts   |     1 |     6 |    19 |    65 |   119 ||   210
       Summon Ice Beast  |       |       |     1 |    64 |   147 ||   212
       Hailstorm         |       |       |       |    13 |    39 ||    52
       Foxfire           |       |       |       |    41 |    93 ||   134
       Ozocubu's Armour  |       |       |       |       |    23 ||    23
       Freezing Cloud    |       |       |       |       |    24 ||    24
 Abil: Dig               |       |       |     1 |       |       ||     1
       Shaft Self        |       |       |       |       |     1 ||     1
Evoke: Wand              |       |       |       |     1 |    11 ||    12
  Use: Scroll            |       |     9 |     6 |     6 |     9 ||    30
       Potion            |       |       |       |       |     5 ||     5
 Stab: Distracted        |       |       |       |     3 |     5 ||     8
       Sleeping          |       |       |       |     3 |     2 ||     5
  Eat: Removed food      |     2 |    10 |       |       |       ||    12
       Removed food      |       |     1 |     4 |    10 |     4 ||    19
Armor: Robe              |     4 |     6 |     2 |    34 |    75 ||   121
       Leather armour    |       |       |    26 |     9 |       ||    35
       Ring mail         |       |       |       |       |    18 ||    18
Dodge: Dodged            |    17 |    50 |    64 |   110 |   226 ||   467
Block: Buckler           |       |       |       |     5 |       ||     5
       Kite shield       |       |       |       |    53 |   276 ||   329

Table legend:
 A = Non-vault XP
 B = Vault XP
 C = Vault XP percentage of total XP
 D = Non-vault monster count
 E = Vault monster count
 F = Vault count percentage of total count
                 A         B        C        D         E       F
            +---------+---------+-------+---------+---------+-------
      Total |   58777 |   43769 |  42.7 |     467 |     243 |  34.2
            +---------+---------+-------+---------+---------+-------
        D:1 |      30 |       0 |   0.0 |      15 |       0 |   0.0
        D:2 |      87 |      71 |  44.9 |      24 |       2 |   7.7
        D:3 |      95 |      25 |  20.8 |      20 |       7 |  25.9
        D:4 |     225 |       0 |   0.0 |      16 |       0 |   0.0
        D:5 |     588 |     482 |  45.0 |      16 |       3 |  15.8
        D:6 |     559 |     381 |  40.5 |      12 |       2 |  14.3
        D:7 |    1247 |     380 |  23.4 |      18 |       1 |   5.3
        D:8 |    2114 |       0 |   0.0 |      40 |       0 |   0.0
        D:9 |    2466 |    9746 |  79.8 |      32 |      32 |  50.0
       D:10 |    1966 |     470 |  19.3 |      15 |      22 |  59.5
       D:11 |    1894 |       0 |   0.0 |      20 |       0 |   0.0
     Lair:1 |    3897 |    3579 |  47.9 |      19 |      14 |  42.4
     Lair:2 |    6948 |    1883 |  21.3 |      34 |       9 |  20.9
     Lair:3 |    6676 |     456 |   6.4 |      40 |      15 |  27.3
     Lair:4 |    4110 |    8565 |  67.6 |      16 |      32 |  66.7
     Lair:5 |   14036 |       0 |   0.0 |      44 |       0 |   0.0
     Lair:6 |    5936 |    9183 |  60.7 |      19 |      30 |  61.2
      Orc:1 |    4253 |    1440 |  25.3 |      33 |      21 |  38.9
      Orc:2 |    1650 |    7108 |  81.2 |      34 |      53 |  60.9
            +---------+---------+-------+---------+---------+-------
